 Dungeon Sprint DCSS version 0.21.1-1-g345015f (webtiles) character file.

48 Psiloshibe the Carver (level 7, 0/67 HPs)
             Began as a Barachi Berserker on June 27, 2018.
             Was an Elder of Trog.
             Slain by a wolf (3 damage)
             ... in the Dungeon (Sprint VI: "Thunderdome").
             The game lasted 00:03:31 (311 turns).

Psiloshibe the Carver (Barachi Berserker)            Turns: 311, Time: 00:03:31

Health: 0/67       AC:  7    Str: 20    XL:     7   Next: 38%
Magic:  7/7        EV: 12    Int:  9    God:    Trog [****..]
Gold:   10         SH:  0    Dex:  9    Spells: 6/6 levels left

rFire    + . .     SeeInvis .   a - +0 falchion
rCold    + . .     Gourm    .   (no shield)
rNeg     + . .     Faith    .   t - +0 scale mail
rPois    .         Spirit   .   (no helmet)
rElec    +         Reflect  .   (no cloak)
rCorr    .         Harm     .   (no gloves)
MR       +....     NoTele   +   (no boots)
Stlth    ..........             (no amulet)
HPRegen  0.21/turn              p - ring "Vunukeuf" {rElec rF+ rN+ Slay+3}
MPRegen  0.10/turn              o - ring of Woqywyigg {rC+ MR+ Int+2 Dex-3 Slay-3} (curse)

@: berserk cooldown, slowed, very slow
A: +LOS, swims, slowness 1, strong legs 1
a: Hop, Berserk, Trog's Hand, Brothers in Arms, Burn Spellbooks, Renounce
Religion


You were in the Dungeon.
You worshipped Trog.
Trog was greatly pleased with you.
You were very hungry.

You visited 1 branch You collected 280 gold pieces.
You spent 270 gold pieces at shops.

Inventory:

Hand Weapons
 a - a +0 falchion (weapon)
Missiles
 b - 8 javelins of returning (quivered)
Armour
 t - a +0 scale mail (worn)
Jewellery
 o - the cursed ring of Woqywyigg (right hand) {rC+ MR+ Int+2 Dex-3 Slay-3}
   (You bought it in a shop in the Dungeon)

   [ring of dexterity]

   It affects your intelligence (+2).
   It affects your dexterity (-3).
   It affects your accuracy and damage with ranged weapons and melee attacks
   (-3).
   It protects you from cold.
   It affects your resistance to hostile enchantments.
   It has a curse placed upon it.
 p - the ring "Vunukeuf" (left hand) {rElec rF+ rN+ Slay+3}
   (You bought it in a shop in the Dungeon)

   [ring of positive energy]

   It affects your accuracy and damage with ranged weapons and melee attacks
   (+3).
   It protects you from fire.
   It insulates you from electricity.
   It protects you from negative energy.
Wands
 k - a wand of acid (3)
 l - a wand of iceblast (5)
 s - a wand of random effects (8)
Scrolls
 i - 4 scrolls of blinking
 m - 3 scrolls of fog
Potions
 d - 2 potions of curing
 e - 3 potions of heal wounds
 f - 4 potions of haste
 g - 2 potions of magic
 h - a potion of berserk rage
 j - a potion of resistance
Comestibles
 c - a ration


   Skills:
 + Level 10.4 Fighting
 + Level 11.0 Long Blades
 * Level 6.7 Throwing
 + Level 6.4 Armour
 + Level 5.5 Dodging
 + Level 1.1 Evocations


You had 6 spell levels left.
You didn't know any spells.

Dungeon Overview and Level Annotations

Branches:
Dungeon (1/1)

Altars:
Cheibriados
Dithmenos
Fedhas
Gozag
Kikubaaqudgha
Makhleb
Okawaru
Qazlal
Ru
Sif Muna
Trog
Uskayaw
Vehumet
Wu Jian
Xom
Yredelemnul
Zin
The Shining One
Beogh
Jiyva
Lugonu

Shops:
D *[%??*?*:[((!!!!

Annotations:
D Grum


Innate Abilities, Weirdness & Mutations

Shadows flee at your approach. (+LOS)
You can swim through water.
You cover ground slowly.
You can hop short distances.


Message History

The hell hound is almost dead.
The hell hound bites you but does no damage.
The wolf bites you.
* * * LOW HITPOINT WARNING * * *
The hell hound barely misses you.
You riposte.
Your scale mail prevents you from hitting the hell hound.
The hell hound is almost dead.
The wolf barely misses you.
You riposte.
You closely miss the wolf. Grum hits you from afar with a spear!
* * * LOW HITPOINT WARNING * * *
You hit the hell hound.
You kill the hell hound!
Trog accepts your kill.
You can now call in reinforcements.
Your Long Blades skill increases to level 11!
Your Armour skill increases to level 6!
The wolf misses you.
You riposte.
You miss the wolf. The wolf bites you!
* * * LOW HITPOINT WARNING * * *
Grum closely misses you. The wolf bites you.
You die...

###.........### #§...........⌠#
######.8.........8.######
##∩___......###......___∩##
###∩........8.# #.8..".....∩###
##...."........###....[........#
#⌠..........###...###..........⌠
#⌠..........# #.<.# #..........⌠
#⌠..........###@..###..........⌠
##..........g.h###.............#
###∩........8.# #.8........∩###
##∩___......###......___∩##
######.8.........8.######
#⌠...........⌠# ###.........###
#_......._# #_......._#


You could see Grum and a wolf.

Vanquished Creatures
  Sigmund (D)
  2 hell hounds (D)
  A wolf (D)
  A hound (D)
  Jessica (D)
  Terence (D)
  2 hell rats (D)
  A worker ant (D)
  An orc (D)
  3 rats (D)
14 creatures vanquished.

Notes
Turn   | Place    | Note
-------+----------+-------------------------------------------
     0 | D        | Psiloshibe the Barachi Berserker began the quest for the Orb.
     0 | D        | Reached XP level 1. HP: 18/18 MP: 1/1
     0 | D        | Found a hide-covered altar of Uskayaw.
     0 | D        | Found a radiant altar of Vehumet.
     3 | D        | Found a bloodstained altar of Trog.
     3 | D        | Found a basalt altar of Yredelemnul.
     4 | D        | Found an opulent altar of Gozag.
     4 | D        | Found a snail-covered altar of Cheibriados.
     5 | D        | Found Emmihow's Delicious Food.
     5 | D        | Found an ancient bone altar of Kikubaaqudgha.
     5 | D        | Found Zukokhlerr's Identification Station.
     5 | D        | Found a stormy altar of Qazlal.
     5 | D        | Round 1.
     6 | D        | Found Fifuont's Jewellery.
     6 | D        | Found Hegyque's Advanced Armour.
     6 | D        | Found a corrupted altar of Lugonu.
     6 | D        | Found an iron altar of Okawaru.
    13 | D        | Noticed a worker ant
    16 | D        | Bought a transparent brass amulet for 45 gold pieces
    16 | D        | Bought a flickering wooden ring for 45 gold pieces
    16 | D        | Bought a slimy ivory ring for 45 gold pieces
    16 | D        | Identified the amulet of Zeadghasch {Inacc Str+2} (You bought it in a shop in the Dungeon)
    18 | D        | Bought a pitted garnet amulet for 45 gold pieces
    18 | D        | Identified the amulet of Yluw Zov {Inacc rPois rC+ Int-2 Dex+2} (You bought it in a shop in the Dungeon)
    20 | D        | Identified the ring of Nyliff {rC++ rN+ Str+5 Dex+2 Slay-6} (You bought it in a shop in the Dungeon)
    22 | D        | Identified the ring "Vunukeuf" {rElec rF+ rN+ Slay+3} (You bought it in a shop in the Dungeon)
    30 | D        | Killed a worker ant
    30 | D        | Reached skill level 5 in Fighting
    30 | D        | Reached skill level 5 in Long Blades
    30 | D        | Reached XP level 2. HP: 27/27 MP: 2/2
    34 | D        | Noticed Jessica
    43 | D        | Found Fumof's Magic Scroll Shop.
    43 | D        | Found Ukolai Core's Magic Scroll Shop.
    43 | D        | Found Tapa's Must-Have Magic.
    44 | D        | Found Vexkinyw's Staff Store.
    53 | D        | Killed Jessica
    53 | D        | Reached ** piety under Trog
    53 | D        | Reached skill level 6 in Long Blades
    53 | D        | Reached XP level 3. HP: 20/34 MP: 3/3
    64 | D        | Found a glowing silver altar of Zin.
    68 | D        | Found an ornate altar of the Wu Jian Council.
    69 | D        | Found a sacrificial altar of Ru.
    70 | D        | Found Ymosoic's Distillery.
    71 | D        | Found Bung's Distillery.
    71 | D        | Found Bamuwein's Bottled Wisdom.
    71 | D        | Found a shimmering altar of Xom.
    71 | D        | Found a roughly hewn altar of Beogh.
    71 | D        | Found a glowing golden altar of the Shining One.
    71 | D        | Found Cawustur's Do-It-Yourself Clinic.
    74 | D        | Noticed Terence
    76 | D        | Noticed Sigmund
    90 | D        | Killed Sigmund
    90 | D        | Reached skill level 8 in Long Blades
    90 | D        | Reached XP level 4. HP: 36/45 MP: 4/4
    90 | D        | Reached XP level 5. HP: 40/51 MP: 5/5
    91 | D        | Killed Terence
    91 | D        | Arena points: 12 (+12) [x2]
    91 | D        | Reached skill level 5 in Throwing
    91 | D        | Reached XP level 6. HP: 45/57 MP: 6/6
   112 | D        | Round 2.
   127 | D        | Found a burning altar of Makhleb.
   134 | D        | Reached skill level 9 in Long Blades
   135 | D        | Found a viscous altar of Jiyva.
   151 | D        | Found a shadowy altar of Dithmenos.
   152 | D        | Found Huegaat's Premium Goods.
   152 | D        | Found Xirecaja's Miscellaneous Merchandise.
   152 | D        | Found Zen Ren's Basic Armour.
   153 | D        | Found a blossoming altar of Fedhas.
   153 | D        | Found a deep blue altar of Sif Muna.
   153 | D        | Found Red Lyliom's Weapon Rack.
   155 | D        | Reached *** piety under Trog
   210 | D        | Received a gift from Trog
   210 | D        | Arena points: 48 (+36) [x3]
   241 | D        | Bought a sparkling graven amulet for 45 gold pieces
   241 | D        | Bought a steaming granite ring for 45 gold pieces
   241 | D        | Identified the amulet "Wienil" {Inacc +Fly Str+4} (You bought it in a shop in the Dungeon)
   243 | D        | Identified the cursed ring of Woqywyigg {rC+ MR+ Int+2 Dex-3 Slay-3} (You bought it in a shop in the Dungeon)
   252 | D        | Round 3.
   273 | D        | Noticed a hell hound
   291 | D        | Killed a hell hound
   291 | D        | Reached skill level 10 in Long Blades
   291 | D        | Reached skill level 5 in Armour
   291 | D        | Reached skill level 5 in Dodging
   291 | D        | Reached skill level 1 in Evocations
   294 | D        | Reached skill level 10 in Fighting
   294 | D        | Reached XP level 7. HP: 31/66 MP: 7/7
   304 | D        | Noticed Grum
   310 | D        | Reached **** piety under Trog
   310 | D        | Reached skill level 11 in Long Blades
   310 | D        | HP: 3/67 [wolf (7)]
   311 | D        | Slain by a wolf

Skill      XL: |  1  2  3  4  5  6  7 |
---------------+----------------------+-----
Fighting       | 5 8 10 | 10.4
Long Blades    | 5 6 8 10 11 | 11.0
Throwing       | 2 4 5 6 |  6.7
Armour         | 3 4 5 6 |  6.4
Dodging        | 3 4 5 |  5.5
Evocations     | 1 |  1.1

Action                   |  1- 3 |  4- 6 |  7- 9 || total
-------------------------+-------+-------+-------++-------
Melee: Falchion          |    18 |    34 |    11 ||    63
Invok: Berserk           |     2 |     1 |       ||     3
       Trog's Hand       |     1 |     1 |       ||     2
Evoke: Wand              |     2 |       |       ||     2
  Use: Potion            |     1 |       |       ||     1
  Eat: Chunk             |       |     1 |       ||     1
Armor: Animal skin       |     1 |       |       ||     1
       Scale mail        |       |     5 |     3 ||     8
Dodge: Dodged            |    25 |    20 |    20 ||    65
       Rpst.: Falchion   |     8 |     6 |     8 ||    22
